 Dungeon Crawl Stone Soup version 0.19.5 (webtiles) character file.

10721 Peloso the Carver (level 11, -6/95 HPs)
             Began as a Minotaur Fighter on Apr 5, 2017.
             Was an Elder of Okawaru.
             Mangled by a six-headed hydra (10 damage)
             ... on level 11 of the Dungeon.
             The game lasted 00:30:15 (12027 turns).

Peloso the Carver (Minotaur Fighter)               Turns: 12027, Time: 00:30:16

Health: -6/95      AC: 16    Str: 25    XL:     11   Next: 39%
Magic:  10/10      EV:  9    Int:  5    God:    Okawaru [****..]
Gold:   752        SH: 13    Dex: 15    Spells: 0 memorised, 10 levels left

rFire  . . .     SeeInvis .     I - +2 whip (flame)
rCold  . . .     Gourm    .     d - +0 plate armour
rNeg   . . .     Faith    .     c - +0 shield
rPois  .         Spirit   .     (helmet restricted)
rElec  .         Reflect  .     P - -2 cloak (curse)
rCorr  .         Harm     .     y - +0 pair of gloves
MR     .....                    (no boots)
Stlth  ..........               (no amulet)
                                Z - +4 ring of strength
                                S - +2 ring of dexterity

@: no status effects
A: retaliatory headbutt, horns 2
a: Heroism, Renounce Religion


You were on level 11 of the Dungeon.
You worshipped Okawaru.
Okawaru was greatly pleased with you.
You were not hungry.

You visited 2 branches of the dungeon, and saw 12 of its levels.

You collected 752 gold pieces.

Inventory:

Hand Weapons
 a - a +0 long sword
 I - a +2 whip of flaming (weapon)
 T - a +2 flail of draining
Armour
 c - a +0 shield (worn)
 d - a +0 plate armour (worn)
 y - a +0 pair of gloves (worn)
 P - a cursed -2 cloak (worn)
Jewellery
 m - a +2 ring of protection
 u - an uncursed ring of protection from fire
 L - an uncursed ring of flight
 S - a +2 ring of dexterity (left hand)
 Y - a +4 ring of intelligence
 Z - a +4 ring of strength (right hand)
Wands
 h - a wand of lightning (1/15)
 l - a wand of iceblast (8/15)
 t - a wand of flame (11/48)
 C - a wand of paralysis (10/24)
 E - a wand of random effects (15/48)
 G - a wand of lightning (10/15)
 V - a wand of lightning (11/15)
Scrolls
 b - 3 scrolls of identify
 e - 6 scrolls of remove curse
 i - 3 scrolls of fear
 n - 2 scrolls of enchant armour {unknown}
 p - 3 scrolls of magic mapping {unknown}
 q - 5 scrolls of teleportation
 r - a scroll of recharging {unknown}
 v - 2 scrolls of amnesia {unknown}
 J - 2 scrolls of enchant weapon {unknown}
 O - a scroll of immolation {unknown}
 Q - a scroll of blinking {unknown}
 R - a scroll of noise {unknown}
 W - a scroll of fog {unknown}
 X - a scroll of acquirement {unknown}
Potions
 o - 6 potions of heal wounds
 s - a potion of haste
 w - 2 potions of resistance {unknown}
 x - a potion of might
 z - 5 potions of flight
 D - 7 potions of curing
 F - a potion of cancellation
 H - 2 potions of cure mutation
 K - a potion of agility
Books
 A - a book of Conjurations

   Spells                             Type                      Level
   a - Magic Dart                     Conjuration                  1
   b - Searing Ray                    Conjuration                  2
   c - Dazzling Spray                 Conjuration/Hexes            3
   d - Fulminant Prism                Conjuration/Hexes            4
   e - Iskenderun's Mystic Blast      Conjuration                  4
   f - Iskenderun's Battlesphere      Conjuration/Charms           5
 B - a book of Cantrips

   Spells                             Type                      Level
   a - Confusing Touch                Hexes                        1
   b - Animate Skeleton               Necromancy                   1
   c - Summon Small Mammal            Summoning                    1
   d - Apportation                    Translocation                1
 U - a book of Frost

   Spells                             Type                      Level
   a - Freeze                         Ice                          1
   b - Throw Frost                    Conjuration/Ice              2
   c - Ozocubu's Armour               Charms/Ice                   3
   d - Throw Icicle                   Conjuration/Ice              4
   e - Summon Ice Beast               Ice/Summoning                4
Comestibles
 f - 7 bread rations
 g - 10 royal jellies
 j - 7 meat rations
 k - 3 slices of pizza
 M - 2 chunks of flesh
 N - 2 beef jerkies


   Skills:
 + Level 8.6 Fighting
 + Level 12.6 Long Blades
 + Level 11.2 Armour
 + Level 4.0 Dodging
 + Level 1.2 Stealth
 + Level 10.7 Shields
 + Level 1.0 Evocations


You had 10 spell levels left.
You didn't know any spells.

Dungeon Overview and Level Annotations

Branches:
Dungeon (11/15)            Temple (1/1) D:4            Lair (0/6) D:9
    Orc (0/2) D:11

Altars:
Ashenzari
Cheibriados
Dithmenos
Elyvilon
Fedhas
Gozag
Hepliaklqana
Kikubaaqudgha
Makhleb
Nemelex Xobeh
Okawaru
Qazlal
Ru
Sif Muna
Trog
Uskayaw
Vehumet
Xom
Yredelemnul
Zin
The Shining One
Beogh

Shops:
D:5 %   D:8 :

Annotations:
D:5 Prince Ribbit


Innate Abilities, Weirdness & Mutations

You reflexively headbutt those who attack you in melee.
You have a pair of horns on your head.


Message History

The six-headed hydra bites you.
* * * LOW HITPOINT WARNING * * *
You hit the six-headed hydra. You burn the six-headed hydra.
Your headbutt misses the six-headed hydra.
The six-headed hydra is heavily wounded.
You block the six-headed hydra's attack.
The six-headed hydra barely misses you.
The six-headed hydra bites you but does no damage.
The six-headed hydra bites you.
* * * LOW HITPOINT WARNING * * *
The six-headed hydra bites you but does no damage.
The six-headed hydra bites you!
* * * LOW HITPOINT WARNING * * *
You block the six-headed hydra's attack.
The six-headed hydra bites you!
* * * LOW HITPOINT WARNING * * *
The six-headed hydra bites you but does no damage.
The six-headed hydra closely misses you.
The six-headed hydra bites you!
You die...

##.##.###....#
######..#.##.....#
#.......#[##.....#
#.........##.....#
#.........##.....##
#.........##.)....#
#.......#>........####..
#########..............#
#.###...@####.? #.#
#....D...... #.#
#..##....... #.......
....... ######$.#.#.....
#.>#.#...#. #. .# #.# <#
..


You could see a six-headed hydra.

Vanquished Creatures
  Harold (D:10)
  The ghost of tschems the Cleaver, a novice HuFi of Qazlal (D:7)
  An ugly thing (D:7)
  Maurice (D:9)
  A centaur zombie (D:9)
  4 hippogriffs
  A wyvern (D:10)
  12 yaks
  A hungry ghost (D:7)
  A steam dragon (D:8)
  Edmund (D:5)
  A water moccasin (D:10)
  6 ice beasts
  2 sky beasts (D:6)
  3 black bears
  2 phantoms
  6 orc warriors
  4 ogres
  5 centaurs
  A crocodile (D:8)
  2 big kobolds
  6 bullfrogs
  A wyvern zombie (D:8)
  5 scorpions
  3 howler monkeys
  6 killer bees
  3 wights (D:11)
  2 crimson imps
  4 hounds
  6 orc priests
  5 jellies
  A bullfrog skeleton (D:10)
  A gnoll shaman (D:6)
  Ijyb (D:3)
  3 iguanas
  10 orc wizards
  7 worker ants
  A killer bee zombie (D:9)
  15 adders
  5 gnolls (D:6)
  A howler monkey skeleton (D:6)
  6 oozes
  2 adder skeletons (D:6)
  4 worms
  A dart slug (D:3)
  6 leopard geckos
  37 orcs
  3 ball pythons
  8 bats
  7 giant cockroaches
  10 goblins
  7 hobgoblins
  9 jackals
  A quokka (D:3)
  A ball python skeleton (D:5)
  4 frilled lizards
  13 kobolds
  3 leopard gecko skeletons
  2 quokka zombies
  13 rats
  A bush (D:4)
  5 fungi (D:9)
286 creatures vanquished.

Notes
Turn   | Place    | Note
-------+----------+-------------------------------------------
     0 | D:1      | Peloso the Minotaur Fighter began the quest for the Orb.
     0 | D:1      | Reached XP level 1. HP: 19/19 MP: 0/0
   160 | D:1      | Reached XP level 2. HP: 23/27 MP: 1/1
   515 | D:2      | Reached XP level 3. HP: 18/33 MP: 2/2
   812 | D:2      | Reached XP level 4. HP: 27/40 MP: 3/3
   839 | D:2      | Found a white marble altar of Elyvilon.
   839 | D:2      | Found a basalt altar of Yredelemnul.
   846 | D:2      | Found an ancient bone altar of Kikubaaqudgha.
   848 | D:2      | Found a shattered altar of Ashenzari.
   849 | D:2      | Found a shadowy altar of Dithmenos.
  1233 | D:3      | Reached skill level 1 in Dodging
  1240 | D:3      | Reached skill level 3 in Long Blades
  1618 | D:3      | Found a shimmering altar of Xom.
  1845 | D:3      | Reached XP level 5. HP: 46/46 MP: 4/4
  1883 | D:3      | Noticed Ijyb
  1889 | D:3      | Killed Ijyb
  1892 | D:3      | Reached skill level 5 in Shields
  2140 | D:4      | Reached skill level 4 in Long Blades
  2152 | D:4      | Reached XP level 6. HP: 13/53 MP: 5/5
  2172 | D:4      | Found a staircase to the Ecumenical Temple.
  2177 | Temple   | Entered the Ecumenical Temple
  2680 | D:4      | Found a sparkling altar of Nemelex Xobeh.
  3042 | D:5      | Entered Level 5 of the Dungeon
  3217 | D:5      | Reached skill level 5 in Armour
  3415 | D:5      | Found Etisaw's Food Boutique.
  3422 | D:5      | Reached skill level 5 in Long Blades
  3447 | D:5      | Noticed Edmund
  3465 | D:5      | Killed Edmund
  3465 | D:5      | Reached XP level 7. HP: 30/60 MP: 0/6
  3651 | D:5      | Noticed Prince Ribbit
  4060 | D:6      | Reached skill level 1 in Stealth
  4284 | D:6      | Reached skill level 5 in Fighting
  4308 | D:6      | Reached skill level 6 in Long Blades
  4748 | D:6      | Reached XP level 8. HP: 49/68 MP: 7/7
  4947 | D:6      | Reached skill level 7 in Long Blades
  4975 | D:7      | Noticed tschems's ghost (novice HuFi)
  6877 | D:7      | Noticed a purple ugly thing
  6907 | D:7      | Killed a purple ugly thing
  6907 | D:7      | Reached skill level 8 in Long Blades
  6907 | D:7      | Reached XP level 9. HP: 17/75 MP: 8/8
  7250 | D:7      | Found a radiant altar of Vehumet.
  7474 | D:7      | Killed tschems's ghost
  7474 | D:7      | Reached skill level 9 in Long Blades
  7673 | D:7      | Found an iron altar of Okawaru.
  7676 | D:7      | Became a worshipper of Warmaster Okawaru
  8337 | D:8      | Found Veud's Book Shoppe.
  8342 | D:8      | Reached * piety under Okawaru
  8486 | D:8      | Reached XP level 10. HP: 58/84 MP: 9/9
  9027 | D:9      | Noticed Maurice
  9091 | D:8      | Reached skill level 10 in Armour
  9091 | D:8      | Reached skill level 1 in Evocations
  9169 | D:8      | Reached skill level 10 in Long Blades
  9305 | D:9      | Killed Maurice
  9305 | D:9      | Reached ** piety under Okawaru
  9362 | D:9      | Found a staircase to the Lair.
  9486 | D:9      | Found an iron altar of Okawaru.
 10198 | D:9      | Reached skill level 11 in Long Blades
 10246 | D:10     | Entered Level 10 of the Dungeon
 10253 | D:10     | Reached *** piety under Okawaru
 10376 | D:10     | Reached skill level 10 in Shields
 10465 | D:10     | Reached XP level 11. HP: 45/94 MP: 10/10
 10633 | D:10     | Noticed Harold
 10655 | D:10     | Killed Harold
 10894 | D:10     | Reached **** piety under Okawaru
 10926 | D:10     | Reached skill level 12 in Long Blades
 11531 | D:11     | Found a staircase to the Orcish Mines.
 11590 | D:11     | Found a roughly hewn altar of Beogh.
 12018 | D:11     | Noticed a six-headed hydra
 12027 | D:11     | HP: 4/95 [six-headed hydra (7)]
 12027 | D:11     | Mangled by a six-headed hydra

Skill      XL: |  1  2  3  4  5  6  7  8  9 10 11 |
---------------+----------------------------------+-----
Shields        | 4 5 6 7 9 10 | 10.7
Armour         | 4 5 6 8 9 10 11 | 11.2
Fighting       | 4 5 6 8 |  8.6
Dodging        | 1 2 3 4 |  4.0
Long Blades    | 3 4 5 6 8 9 11 12 | 12.6
Stealth        | 1 |  1.2
Evocations     | 1 |  1.0

Action                   |  1- 3 |  4- 6 |  7- 9 | 10-12 || total
-------------------------+-------+-------+-------+-------++-------
Melee: Long sword        |    94 |   229 |   505 |   535 ||  1363
       Headbutt          |     9 |    57 |   100 |   140 ||   306
       Whip              |       |       |       |     6 ||     6
Evoke: Wand              |       |       |     4 |     2 ||     6
  Use: Potion            |       |       |     3 |       ||     3
       Scroll            |       |       |    15 |       ||    15
  Eat: Chunk             |       |     7 |    17 |    10 ||    34
       Beef jerky        |       |     1 |     2 |       ||     3
       Royal jelly       |       |       |     1 |       ||     1
       Fruit             |       |       |       |     2 ||     2
Armor: Scale mail        |    69 |    76 |    24 |       ||   169
       Chain mail        |       |       |    69 |       ||    69
       Plate armour      |       |       |   174 |   223 ||   397
Dodge: Dodged            |    42 |    61 |   105 |   107 ||   315
Block: Shield            |    69 |    82 |   260 |   248 ||   659
       Rpst.: Long sword |     6 |    20 |    28 |    21 ||    75
